 Dungeon Crawl Stone Soup version 0.18.1-48-g4cf74bf (webtiles) character file.

161 Jams2 the Charmwright (level 5, -2/39 HPs)
             Began as a Human Skald on Aug 5, 2016.
             Killed by nerve-wracking pain
             ... invoked by an orc priest
              (7 damage)
             ... on level 4 of the Dungeon.
             The game lasted 00:17:34 (2907 turns).

Jams2 the Charmwright (Human Skald)                 Turns: 2907, Time: 00:17:35

Health: -2/39      AC:  9    Str: 13    XL:     5   Next: 70%
Magic:  8/8        EV: 11    Int: 13    God:
Gold:   69         SH:  0    Dex: 12    Spells: 1 memorised, 7 levels left

rFire  . . .     SeeInvis .     r - +0 mace
rCold  . . .     Gourm    .     m - +0 ring mail
rNeg   . . .     Faith    .     (no shield)
rPois  .         Spirit   .     l - +1 helmet
rElec  .         Dismiss  .     (no cloak)
rCorr  .         Reflect  .     p - +0 pair of gloves
SustAt .         Harm     .     u - +0 pair of boots
MR     .....                    (no amulet)
Stlth  +.........               (no ring)
                                (no ring)

@: not resistant to hostile enchantments, very unstealthy
A: no striking features
a: no special abilities


You were on level 4 of the Dungeon.
You were not hungry.

You visited 1 branch of the dungeon, and saw 4 of its levels.

You collected 69 gold pieces.

Inventory:

Hand Weapons
 a - a +0 hand axe
 f - a +0 whip
 i - a +0 dagger
 k - a +0 hand axe
 q - a +0 spear
 r - a +0 mace (weapon)
Missiles
 e - 19 arrows
 g - 17 stones (quivered)
 j - 31 sling bullets
Armour
 b - a +0 leather armour
 l - a +1 helmet (worn)
 m - a +0 ring mail (worn)
 p - a +0 pair of gloves (worn)
 u - a +0 pair of boots (worn)
Potions
 h - 2 potions of berserk rage
Books
 c - a book of Battle

   Spells                             Type                      Level
   a - Infusion                       Charms                       1
   b - Shroud of Golubria             Charms/Translocation         2
   c - Song of Slaying                Charms                       2
   d - Spectral Weapon                Hexes/Charms                 3
   e - Regeneration                   Charms/Necromancy            3
Comestibles
 d - 2 bread rations
 n - 2 chunks of flesh
 o - 2 beef jerkies


   Skills:
 + Level 2.3 Fighting
 + Level 2.0(2.3) Axes
 + Level 0.6(1.4) Maces & Flails
 + Level 1.4(2.0) Polearms
 + Level 2.4 Armour
 + Level 2.7 Dodging
 + Level 0.4 Stealth
 + Level 2.2 Spellcasting
 + Level 3.5 Charms


You had 7 spell levels left.
You knew the following spells:

 Your Spells              Type           Power        Failure   Level  Hunger
a - Infusion              Chrm           ##..         14%         1    ##.....


Dungeon Overview and Level Annotations

Branches:
Dungeon (4/15)
 Temple: D:4-7

Altars:

Shops:
D:4 *


Message History

a dagger; a robe You start resting.
Eating one of 3 chunks of flesh.
This raw flesh tastes terrible.
You continue eating. x2
HP restored.
Wield which item (- for none, * to show all)? (? for menu, Esc to quit)
r - a +0 mace (weapon)
Found a robe.
Found Sueddeck's Superlative Supplies.
An orc priest comes into view. It is wielding a hand axe.
The orc priest shouts!
The orc priest calls down the wrath of Beogh upon you.
Pain shoots through your body!
The orc priest invokes the aid of Beogh against you.
Beogh smites you!
The orc priest calls down the wrath of Beogh upon you.
Pain shoots through your body!
* * * LOW HITPOINT WARNING * * *
The orc priest mumbles some strange prayers to Beogh against you.
Pain shoots through your body!
You die...

#.....<# .# #....<.#
###.####. #......#
#........
#......########..![....
#......##.....#........
#####.###..............
#.# #.......#.##### #.#
#.......# #
#.###......@#.
#.....).......#
#########..o### #...#
####.. ..∩ .... #...


You could see an orc priest.

Vanquished Creatures
  An orc wizard (D:4)
  Robin (D:3)
  3 adders
  2 river rats (D:3)
  3 dart slugs
  5 orcs
  A ball python (D:3)
  2 giant cockroaches (D:3)
  12 goblins
  4 hobgoblins
  10 jackals
  5 bats
  2 giant newts
  6 kobolds
  8 rats
65 creatures vanquished.

Notes
Turn   | Place    | Note
--------------------------------------------------------------
     0 | D:1      | Jams2 the Human Skald began the quest for the Orb.
     0 | D:1      | Reached XP level 1. HP: 16/16 MP: 3/3
   411 | D:1      | Reached XP level 2. HP: 3/22 MP: 3/5
   918 | D:2      | Reached XP level 3. HP: 14/27 MP: 0/6
  1463 | D:2      | Found a faded altar to an unknown god.
  1583 | D:2      | Reached XP level 4. HP: 15/33 MP: 7/7
  1947 | D:3      | Noticed Robin
  1977 | D:3      | Killed Robin
  1977 | D:3      | Reached skill level 1 in Polearms
  2230 | D:3      | Reached XP level 5. HP: 37/38 MP: 8/8
  2336 | D:3      | Found a glowing drain.
  2897 | D:4      | Found Sueddeck's Superlative Supplies.
  2907 | D:4      | Killed from afar by an orc priest

Skill      XL: |  1  2  3  4 |
---------------+-------------+-----
Dodging        | 2 |  2.7
Polearms       | 1 |  1.4
Armour         | 2 |  2.4
Fighting       | |  2.3
Axes           | |  2.0
Maces & Flails | |  0.6
Stealth        | |  0.4
Spellcasting   | |  2.2
Charms         | |  3.5

Action                   |  1- 3 |  4- 6 || total
-------------------------+-------+-------++-------
Melee: Whip              |    92 |       ||    92
       Spear             |    44 |   193 ||   237
 Cast: Infusion          |     5 |     3 ||     8
  Use: Scroll            |     4 |     1 ||     5
       Potion            |       |     4 ||     4
  Eat: Chunk             |     2 |     2 ||     4
       Bread ration      |       |     1 ||     1
Armor: Ring mail         |    60 |   101 ||   161
       Leather armour    |     4 |       ||     4
Dodge: Dodged            |    95 |   173 ||   268
